Inferno vs Thunder

Created - March 10, 2020 at 20:57

Goals
1 2 3 T
Inferno 3 3 4 10
Thunder 0 2 2 4
Shots
1 2 3 T
Inferno 11 10 17 38
Thunder 8 14 12 34

1st period

1. Inferno , Vladimir Zharkov 4 (Petteri Lindbohm 2) at 1:50
2. Inferno , Matt Kassian 13 (Vladimir Zharkov 5, Mathieu Brodeur 11) at 2:29
3. Inferno , Tanner Pearson 35 (David Savard 23, Anders Lee 45) at 16:12

Penalties :
David Wolf (TRO) for Cross-checking (Minor) at 6:09, Austin Wuthrich (TRO) for Tripping (Minor) at 16:15, Anders Lee (Anc) for Holding (Minor) at 16:38

2nd period

4. Thunder , Dany Roussin 28 (William Karlsson 45) at 1:04
5. Thunder , Nikolay Prokhorkin 9 (William Karlsson 46, Zach Stepan 15) at 2:11
6. Inferno , Anders Lee 32 (Kevin Labanc 30) at 3:16 (PP)
7. Inferno , Anders Lee 33 (David Savard 24) at 12:15
8. Inferno , Kevin Labanc 20 (Esa Lindell 39, Christian Folin 25) at 16:42 (PP)

Penalties :
Jordan Weal (TRO) for Roughing (Minor) at 3:12, Austin Poganski (TRO) for Slashing (Minor) at 16:14

3rd period

9. Inferno , Tanner Pearson 36 (Christian Folin 26, Kevin Labanc 31) at 0:51
10. Inferno , Anders Lee 34 (Tanner Pearson 44, Christian Folin 27) at 1:03
11. Thunder , William Karlsson 26 (Austin Wuthrich 15) at 3:16
12. Inferno , Kevin Labanc 21 (Anders Lee 46, Matt Kassian 13) at 14:47
13. Inferno , Peter Cehlarik 3 (Ryan Spooner 5, Tyler Shattock 7) at 16:44
14. Thunder , Colby Cave 2 (Nikolay Prokhorkin 9, William Karlsson 47) at 18:23

Penalties :
Matt Kassian (Anc) for Interference (Minor) at 8:37, Anders Lee (Anc) for Hooking (Minor) at 12:33, Vladimir Zharkov (Anc) for Roughing (Double Minor) at 19:03

Goalie Stats

Michael Hutchinson (Anc), 30 saves from 34 shots - (0.882), W, 11-11-1, 60:00 minutes
Niklas Treutle (TRO), 8 saves from 12 shots - (0.667), L, 14-22-4, 17:47 minutes
Jussi Rynnas (TRO), 20 saves from 26 shots - (0.769), 42:13 minutes

Players Stats for Inferno

Player Name              G  A  P  +/- PIM S  H  SB GA TA FO     MP     PP MP  PK MP  
------------------------------------------------------------------------------------
Anders Lee               3  2  5   3  4   5  1  1  0  0  16/33  20:46   1:55   1:01 
Christian Folin          0  3  3   1  0   3  0  0  0  1  0/0    21:20   0:28   2:18 
Colby Robak              0  0  0   4  0   0  1  3  0  3  0/0    28:58   1:37   2:59 
David Savard             0  2  2   3  0   1  3  0  0  1  0/0    26:36   1:37   2:59 
Esa Lindell              0  1  1   0  0   0  0  2  0  1  0/0    16:06   0:28   0:00 
Kevin Labanc             2  2  4   3  0   10 0  0  0  0  3/4    20:28   1:56   0:01 
Mathieu Brodeur          0  1  1   0  0   1  0  3  0  1  0/0    14:56   0:49   2:18 
Matt Kassian             1  1  2   2  2   2  2  0  0  0  0/0    16:10   0:55   1:07 
Matthew Nieto            0  0  0  -2  0   1  1  1  1  0  0/2    13:08   0:03   1:48 
Oliver Bjorkstrand       0  0  0  -2  0   0  0  1  0  0  0/0    10:54   0:55   0:00 
Peter Cehlarik           1  0  1   1  0   1  0  0  0  0  0/0     7:58   0:00   0:00 
Petteri Lindbohm         0  1  1   0  0   0  1  1  0  0  0/0    12:04   0:49   0:00 
Philip Varone            0  0  0   2  0   2  3  0  0  1  10/18  18:10   0:03   3:13 
Ryan Spooner             0  1  1   1  0   2  0  0  1  0  0/1     7:58   0:00   0:00 
Tanner Pearson           2  1  3   3  0   6  3  1  0  1  1/2    20:59   1:56   0:11 
Tyler Shattock           0  1  1   1  0   1  2  1  1  0  0/0     7:58   0:00   0:00 
Victor Rask              0  0  0  -2  0   0  0  1  0  0  3/7    11:39   0:55   0:45 
Vladimir Zharkov         1  1  2   2  4   3  0  0  1  0  0/0    16:55   0:03   2:28 

Players Stats for Thunder

Player Name              G  A  P  +/- PIM S  H  SB GA TA FO     MP     PP MP  PK MP  
------------------------------------------------------------------------------------
Artur Gavrus             0  0  0   0  0   0  0  0  0  0  0/0     0:36   0:00   0:36 
Austin Poganski          0  0  0  -2  2   1  0  0  1  0  0/0    18:56   1:59   0:00 
Austin Wuthrich          0  1  1  -2  2   2  2  2  0  0  1/3    16:15   3:02   0:00 
Colby Cave               1  0  1   1  0   2  0  1  0  0  0/3     9:37   0:00   0:00 
Dany Roussin             1  0  1  -2  0   6  1  0  1  0  4/7    26:47   2:52   1:48 
David Wolf               0  0  0  -2  2   4  2  0  0  1  0/1    20:15   2:25   0:03 
Derek Forbort            0  0  0  -1  0   0  2  2  0  0  0/0    18:15   1:31   0:39 
Emil Johansson           0  0  0   0  0   0  0  0  0  0  0/0     4:25   0:00   0:10 
Gianluca Curcuruto       0  0  0  -2  0   0  1  3  0  0  0/0     9:40   0:00   0:00 
Jamie McGinn             0  0  0  -1  0   1  3  0  2  0  0/0    11:47   0:23   0:24 
Jarrod Maidens           0  0  0   0  0   0  0  0  0  0  0/0     0:00   0:00   0:00 
Jesper Pettersson        0  0  0  -2  0   3  0  1  0  0  0/0    10:15   0:00   0:35 
Joey Ryan                0  0  0  -1  0   1  2  1  2  1  0/0    27:40   3:46   2:05 
Jordan Weal              0  0  0  -1  2   0  2  0  0  0  7/9    10:43   0:00   0:27 
Mackenze Stewart         0  0  0   0  0   0  0  0  0  0  0/0     4:14   0:00   0:00 
Michael Schumacher       0  0  0   0  0   0  0  0  0  0  0/0     2:03   0:10   0:00 
Mikko Vainonen           0  0  0  -1  0   0  2  2  0  1  0/0    17:51   1:31   0:14 
Nikolay Prokhorkin       1  1  2   1  0   3  1  0  0  0  0/0    10:14   0:00   0:36 
Peter Andersson          0  0  0  -1  0   4  1  0  1  0  0/0    27:40   3:46   2:05 
Vincent Dunn             0  0  0  -1  0   0  0  0  0  0  0/0     3:10   0:16   0:00 
William Karlsson         1  3  4  -1  0   6  0  1  1  1  20/34  25:57   2:42   1:54 
Zach Stepan              0  1  1  -2  0   1  1  2  1  0  2/10   19:06   2:02   0:00 

3 Stars

1 - Anders Lee (Anc)
2 - Kevin Labanc (Anc)
3 - Tanner Pearson (Anc)

Power Play

Inferno - 2 on 4 Attempt(s) - 50.00%
Thunder - 0 on 5 Attempt(s) - 0.00%

Penalty Kill

Inferno - 5 on 5 Attempt(s) - 100.00% - Score 0 goal in Penalty Kill
Thunder - 2 on 4 Attempt(s) - 50.00% - Score 0 goal in Penalty Kill

Team Stat

Inferno - Hits : 17 - Faceoff Wins : 33 - Blocked Shots : 15 - Penalty Minutes : 10
Thunder - Hits : 20 - Faceoff Wins : 34 - Blocked Shots : 15 - Penalty Minutes : 8

Official

Referees : Unknown
Linesman : Unknown

Game Notes

Niklas Treutle enters game at 3:16 of 2nd period
Anders Lee has scored a Hat Trick!
Jussi Rynnas enters game at 1:03 of 3rd period

Finance

Level 1 -- Attendance: 1176 (58.80%) -- Ticket Income $47,040
Level 2 -- Attendance: 638 (63.80%) -- Ticket Income $12,760
Total Attendance: 1814 (60.47%)
Total Ticket Income: $59,800
Other Income: $2,990
Total Income: $62,790

Inferno

5 vs 5 Forward 
   Center                   Left Wing                Right Wing               Time % Phy DF OF 
 1 Anders Lee               Tanner Pearson           Kevin Labanc             40     1   2  2  
 2 Philip Varone            Matt Kassian             Vladimir Zharkov         30     1   2  2  
 3 Victor Rask              Matthew Nieto            Oliver Bjorkstrand       20     1   2  2  
 4 Ryan Spooner             Peter Cehlarik           Tyler Shattock           10     1   2  2  

5 vs 5 Defense 
   Defense                  Defense                                           Time % Phy DF OF 
 1 Colby Robak              David Savard                                      40     1   2  2  
 2 Esa Lindell              Christian Folin                                   30     1   2  2  
 3 Mathieu Brodeur          Petteri Lindbohm                                  20     1   2  2  
 4 Colby Robak              Christian Folin                                   10     1   2  2  

PowerPlay Forward 
   Center                   Left Wing                Right Wing               Time % Phy DF OF 
 1 Anders Lee               Tanner Pearson           Kevin Labanc             60     1   2  2  
 2 Victor Rask              Matt Kassian             Oliver Bjorkstrand       40     1   2  2  

PowerPlay Defense
   Defense                  Defense                                           Time % Phy DF OF 
 1 Colby Robak              David Savard                                      60     1   2  2  
 2 Esa Lindell              Christian Folin                                   40     1   2  2  

Penalty Kill 4 Players Forward 
   Center                   Wing                     Time % Phy DF OF 
 1 Philip Varone            Vladimir Zharkov         60     1   2  2  
 2 Anders Lee               Matt Kassian             40     1   2  2  

Penalty Kill 4 Players Defense
   Defense                  Defense                  Time % Phy DF OF 
 1 Colby Robak              David Savard             60     1   2  2  
 2 Mathieu Brodeur          Christian Folin          40     1   2  2  

Penalty Kill - 3 Players Forward 
   Forward                                           Time % Phy DF OF 
 1 Philip Varone                                     60     1   2  2  
 2 Vladimir Zharkov                                  40     1   2  2  

Penalty Kill - 3 Players Defense
   Defense                  Defense                  Time % Phy DF OF 
 1 Colby Robak              David Savard             60     1   2  2  
 2 Mathieu Brodeur          Christian Folin          40     1   2  2  

4 vs 4 Forward 
   Center                   Wing                     Time % Phy DF OF 
 1 Anders Lee               Tanner Pearson           60     1   2  2  
 2 Victor Rask              Vladimir Zharkov         40     1   2  2  

4 vs 4 Defense
   Defense                  Defense                  Time % Phy DF OF 
 1 Colby Robak              David Savard             60     1   2  2  
 2 Esa Lindell              Christian Folin          40     1   2  2  

Last Minutes Offensive
   Center                   Left Wing                Right Wing               Defense                  Defense                  
   Anders Lee               Tanner Pearson           Vladimir Zharkov         Colby Robak              David Savard             

Last Minutes Defensive
   Center                   Left Wing                Right Wing               Defense                  Defense                  
   Anders Lee               Tanner Pearson           Vladimir Zharkov         Colby Robak              David Savard             

Goaltenders
Starting : Michael Hutchinson       
Backup : Christopher Gibson       

Extra Forwards
Normal : Anders Lee, Matthew Nieto, Kevin Labanc - PP : Oliver Bjorkstrand, Matthew Nieto - PK : Matt Kassian
Extra Defensemen
Normal : Esa Lindell, Mathieu Brodeur, Christian Folin - PP : Esa Lindell - PK : Mathieu Brodeur, Christian Folin
Penalty Shots
Anders Lee, Tanner Pearson, Matthew Nieto, Oliver Bjorkstrand, Victor Rask

Scratches
Chris Brown (Healthy), Frank Corrado (Healthy), Trevor Carrick (Healthy), Bryan Rust (Healthy), Eric Karlsson (Healthy)
John Gilmour (Healthy), Vladimir Sobotka (Sprained Right Knee Injury), Ryan Donato (Healthy), Vladislav Kamenev (Healthy), Dominik Masin (Healthy)
Brandon Hickey (Healthy), Greg Pateryn (Healthy), Nathan Lieuwen (Healthy), Vitek Vanecek (Healthy)

Thunder

5 vs 5 Forward 
   Center                   Left Wing                Right Wing               Time % Phy DF OF 
 1 William Karlsson         Dany Roussin             Austin Wuthrich          40     1   2  2  
 2 Zach Stepan              David Wolf               Austin Poganski          30     1   2  2  
 3 Jordan Weal              Jamie McGinn             Dany Roussin             20     1   2  2  
 4 Colby Cave               Nikolay Prokhorkin       William Karlsson         10     1   2  2  

5 vs 5 Defense 
   Defense                  Defense                                           Time % Phy DF OF 
 1 Joey Ryan                Peter Andersson                                   40     1   2  2  
 2 Derek Forbort            Mikko Vainonen                                    30     1   2  2  
 3 Gianluca Curcuruto       Jesper Pettersson                                 20     1   2  2  
 4 Emil Johansson           Mackenze Stewart                                  10     1   2  2  

PowerPlay Forward 
   Center                   Left Wing                Right Wing               Time % Phy DF OF 
 1 William Karlsson         Dany Roussin             Austin Wuthrich          60     1   2  2  
 2 Zach Stepan              David Wolf               Austin Poganski          40     1   2  2  

PowerPlay Defense
   Defense                  Defense                                           Time % Phy DF OF 
 1 Joey Ryan                Peter Andersson                                   60     1   2  2  
 2 Derek Forbort            Mikko Vainonen                                    40     1   2  2  

Penalty Kill 4 Players Forward 
   Center                   Wing                     Time % Phy DF OF 
 1 Dany Roussin             William Karlsson         60     1   2  2  
 2 David Wolf               Jamie McGinn             40     1   2  2  

Penalty Kill 4 Players Defense
   Defense                  Defense                  Time % Phy DF OF 
 1 Joey Ryan                Peter Andersson          60     1   2  2  
 2 Derek Forbort            Mikko Vainonen           40     1   2  2  

Penalty Kill - 3 Players Forward 
   Forward                                           Time % Phy DF OF 
 1 Dany Roussin                                      60     1   2  2  
 2 William Karlsson                                  40     1   2  2  

Penalty Kill - 3 Players Defense
   Defense                  Defense                  Time % Phy DF OF 
 1 Joey Ryan                Peter Andersson          60     1   2  2  
 2 Derek Forbort            Mikko Vainonen           40     1   2  2  

4 vs 4 Forward 
   Center                   Wing                     Time % Phy DF OF 
 1 Dany Roussin             William Karlsson         60     1   2  2  
 2 David Wolf               Jamie McGinn             40     1   2  2  

4 vs 4 Defense
   Defense                  Defense                  Time % Phy DF OF 
 1 Joey Ryan                Peter Andersson          60     1   2  2  
 2 Derek Forbort            Mikko Vainonen           40     1   2  2  

Last Minutes Offensive
   Center                   Left Wing                Right Wing               Defense                  Defense                  
   William Karlsson         Dany Roussin             Austin Wuthrich          Joey Ryan                Peter Andersson          

Last Minutes Defensive
   Center                   Left Wing                Right Wing               Defense                  Defense                  
   William Karlsson         Dany Roussin             Austin Wuthrich          Joey Ryan                Peter Andersson          

Goaltenders
Starting : Jussi Rynnas             
Backup : Niklas Treutle           

Extra Forwards
Normal : Vincent Dunn, Michael Schumacher, Artur Gavrus - PP : Vincent Dunn, Michael Schumacher - PK : Artur Gavrus
Extra Defensemen
Normal : Gianluca Curcuruto, Jesper Pettersson, Emil Johansson - PP : Gianluca Curcuruto - PK : Jesper Pettersson, Emil Johansson
Penalty Shots
Dany Roussin, William Karlsson, David Wolf, Jamie McGinn, Zach Stepan

Scratches
Eric Fehr (Left Hand Injury), Trevor Lewis (Severed Right Wrist Tendon Injury), Mason McDonald (Healthy)

% Time on Ice - Inferno

Lines # - Real PCT - Wanted PCT - Time Play
Normal Forward
1 - 36% - 40% - 18:01
2 - 28% - 30% - 14:15
3 - 20% - 20% - 9:59
4 - 16% - 10% - 7:58
Normal Defense
1 - 41% - 40% - 20:47
2 - 31% - 30% - 15:27
3 - 22% - 20% - 11:15
4 - 5% - 10% - 2:44
PP Forward
1 - 68% - 60% - 1:59
2 - 32% - 40% - 0:55
PP Defense
1 - 56% - 60% - 1:37
2 - 44% - 40% - 1:17
PK Forward
1 - 87% - 60% - 4:37
2 - 13% - 40% - 0:40
PK Defense
1 - 56% - 60% - 2:59
2 - 44% - 40% - 2:18
PK3 Forward
1 - 0% - 60%
2 - 0% - 40%
PK3 Defense
1 - 0% - 60%
2 - 0% - 40%
44 Forward
1 - 100% - 60% - 1:36
2 - 0% - 40% - 0:00
44 Defense
1 - 76% - 60% - 1:13
2 - 24% - 40% - 0:23
Last Minute Offensive  - 0:00
Last Minute Defensive  - 0:00
Total
Forward - 60:00
Defense - 60:00

% Time on Ice - Thunder

Lines # - Real PCT - Wanted PCT - Time Play
Normal Forward
1 - 26% - 40% - 12:50
2 - 35% - 30% - 17:29
3 - 20% - 20% - 10:17
4 - 19% - 10% - 9:37
Normal Defense
1 - 42% - 40% - 20:54
2 - 31% - 30% - 15:25
3 - 19% - 20% - 9:40
4 - 8% - 10% - 4:14
PP Forward
1 - 54% - 60% - 2:52
2 - 46% - 40% - 2:25
PP Defense
1 - 71% - 60% - 3:46
2 - 29% - 40% - 1:31
PK Forward
1 - 86% - 60% - 2:30
2 - 14% - 40% - 0:24
PK Defense
1 - 72% - 60% - 2:05
2 - 28% - 40% - 0:49
PK3 Forward
1 - 0% - 60%
2 - 0% - 40%
PK3 Defense
1 - 0% - 60%
2 - 0% - 40%
44 Forward
1 - 81% - 60% - 1:18
2 - 19% - 40% - 0:18
44 Defense
1 - 57% - 60% - 0:55
2 - 43% - 40% - 0:41
Last Minute Offensive  - 0:00
Last Minute Defensive  - 0:00
Total
Forward - 60:00
Defense - 60:00

Play-by-Play

1st period


0:01 of 1st period - William Karlsson wins face-off versus Anders Lee in neutral zone.
0:23 of 1st period - Icing by Colby Robak.
0:24 of 1st period - Zach Stepan wins face-off versus Philip Varone in Inferno zone.
1:09 of 1st period - Christian Folin is hit by Derek Forbort and loses puck.
1:34 of 1st period - Wrist shot by Kevin Labanc.
1:34 of 1st period - Shot Blocked by Zach Stepan.
1:36 of 1st period - Slapshot by Christian Folin.
1:36 of 1st period - Shot Blocked by Gianluca Curcuruto.
1:38 of 1st period - Slapshot by Kevin Labanc.
1:38 of 1st period - Stopped by Jussi Rynnas with a rebound.
1:40 of 1st period - Slapshot by Christian Folin.
1:40 of 1st period - Shot Misses the Net.
1:50 of 1st period - Wrist shot by Vladimir Zharkov.
1:50 of 1st period - Goal by Vladimir Zharkov - Inferno : 1 - Thunder : 0.
1:51 of 1st period - Anders Lee wins face-off versus William Karlsson in neutral zone.
2:21 of 1st period - Snap shot by Vladimir Zharkov.
2:21 of 1st period - Shot Blocked by Zach Stepan.
2:27 of 1st period - Wrist shot by Vladimir Zharkov.
2:27 of 1st period - Shot Misses the Net.
2:29 of 1st period - Snap shot by Matt Kassian.
2:29 of 1st period - Goal by Matt Kassian - Inferno : 2 - Thunder : 0.
2:30 of 1st period - William Karlsson wins face-off versus Victor Rask in neutral zone.
3:05 of 1st period - Snap shot by Tanner Pearson.
3:05 of 1st period - Deflect By Anders Lee.
3:05 of 1st period - Shot Misses the Net.
3:05 of 1st period - Puck is out of play.
3:06 of 1st period - Dany Roussin wins face-off versus Philip Varone in Thunder zone.
3:19 of 1st period - Wrist shot by Vladimir Zharkov.
3:19 of 1st period - Stopped by Jussi Rynnas without a rebound.
3:20 of 1st period - Anders Lee wins face-off versus Austin Wuthrich in Thunder zone.
3:35 of 1st period - Wrist shot by Kevin Labanc.
3:35 of 1st period - Stopped by Jussi Rynnas without a rebound.
3:36 of 1st period - Jordan Weal wins face-off versus Philip Varone in Thunder zone.
4:01 of 1st period - Joey Ryan is hit by David Savard and loses puck.
4:28 of 1st period - Peter Andersson is hit by Tyler Shattock and loses puck.
4:44 of 1st period - Zach Stepan is hit by Tyler Shattock.
5:30 of 1st period - Slapshot by Christian Folin.
5:30 of 1st period - Deflect By Zach Stepan.
5:30 of 1st period - Stopped by Jussi Rynnas with a rebound.
5:32 of 1st period - Wrist shot by Tyler Shattock.
5:32 of 1st period - Shot Blocked by Mikko Vainonen.
5:48 of 1st period - Wrist shot by Ryan Spooner.
5:48 of 1st period - Stopped by Jussi Rynnas with a rebound.
6:09 of 1st period - Minor Penalty to David Wolf for Cross-checking.
6:10 of 1st period - Dany Roussin wins face-off versus Anders Lee in Thunder zone.
6:40 of 1st period - Snap shot by Matt Kassian.
6:40 of 1st period - Shot Misses the Net.
6:42 of 1st period - Slapshot by David Savard.
6:42 of 1st period - Shot Misses the Net.
6:44 of 1st period - Wrist shot by Oliver Bjorkstrand.
6:44 of 1st period - Shot Blocked by Joey Ryan.
8:02 of 1st period - Kevin Labanc is hit by Jamie McGinn.
8:09 of 1st period - Penalty to David Wolf is over, David Wolf is back on ice.
8:24 of 1st period - Vincent Dunn is hit by David Savard and loses puck.
8:35 of 1st period - Christian Folin is hit by Jamie McGinn and loses puck.
8:42 of 1st period - Emil Johansson is hit by Matt Kassian and loses puck.
8:53 of 1st period - Jordan Weal is hit by Anders Lee and loses puck.
10:29 of 1st period - Peter Andersson is hit by Philip Varone and loses puck.
10:42 of 1st period - Colby Cave is hit by Matthew Nieto and loses puck.
11:06 of 1st period - Off-side.
11:07 of 1st period - Jordan Weal wins face-off versus Philip Varone in neutral zone.
11:14 of 1st period - Icing by David Savard.
11:15 of 1st period - Philip Varone wins face-off versus Jordan Weal in Inferno zone.
11:15 of 1st period - Philip Varone is hit by Jamie McGinn.
12:19 of 1st period - Snap shot by Matt Kassian.
12:19 of 1st period - Shot Misses the Net.
12:35 of 1st period - Ryan Spooner is hit by Peter Andersson and loses puck.
13:01 of 1st period - Snap shot by Dany Roussin.
13:01 of 1st period - Stopped by Michael Hutchinson with a rebound.
13:25 of 1st period - Snap shot by Kevin Labanc.
13:25 of 1st period - Shot Blocked by Jesper Pettersson.
13:35 of 1st period - Petteri Lindbohm is hit by Gianluca Curcuruto.
13:59 of 1st period - Wrist shot by Colby Cave.
13:59 of 1st period - Stopped by Michael Hutchinson with a rebound.
14:01 of 1st period - Snap shot by Gianluca Curcuruto.
14:01 of 1st period - Shot Blocked by Tyler Shattock.
14:47 of 1st period - Matt Kassian is hit by Mikko Vainonen and loses puck.
16:02 of 1st period - Slapshot by Tanner Pearson.
16:02 of 1st period - Stopped by Jussi Rynnas without a rebound.
16:03 of 1st period - Kevin Labanc wins face-off versus William Karlsson in Thunder zone.
16:06 of 1st period - Snap shot by Tanner Pearson.
16:06 of 1st period - Stopped by Jussi Rynnas with a rebound.
16:08 of 1st period - Snap shot by Anders Lee.
16:08 of 1st period - Stopped by Jussi Rynnas with a rebound.
16:12 of 1st period - Wrist shot by Tanner Pearson.
16:12 of 1st period - Goal by Tanner Pearson - Inferno : 3 - Thunder : 0.
16:13 of 1st period - William Karlsson wins face-off versus Anders Lee in neutral zone.
16:15 of 1st period - Minor Penalty to Austin Wuthrich for Tripping.
16:16 of 1st period - Anders Lee wins face-off versus Dany Roussin in Thunder zone.
16:18 of 1st period - Snap shot by Kevin Labanc.
16:18 of 1st period - Shot Misses the Net.
16:30 of 1st period - Snap shot by William Karlsson.
16:30 of 1st period - Stopped by Michael Hutchinson with a rebound.
16:32 of 1st period - Snap shot by William Karlsson.
16:32 of 1st period - Shot Misses the Net.
16:38 of 1st period - Minor Penalty to Anders Lee for Holding.
16:39 of 1st period - Dany Roussin wins face-off versus Matthew Nieto in Inferno zone.
16:48 of 1st period - Peter Andersson is hit by Tanner Pearson and loses puck.
17:35 of 1st period - Slapshot by Derek Forbort.
17:35 of 1st period - Shot Misses the Net.
17:37 of 1st period - Slapshot by Peter Andersson.
17:37 of 1st period - Shot Misses the Net.
17:39 of 1st period - Slapshot by Peter Andersson.
17:39 of 1st period - Shot Misses the Net.
17:41 of 1st period - Snap shot by Peter Andersson.
17:41 of 1st period - Deflect By Kevin Labanc.
17:41 of 1st period - Stopped by Michael Hutchinson without a rebound.
17:42 of 1st period - Dany Roussin wins face-off versus Matthew Nieto in Inferno zone.
18:15 of 1st period - Penalty to Austin Wuthrich is over, Austin Wuthrich is back on ice.
18:18 of 1st period - Slapshot by Dany Roussin.
18:18 of 1st period - Shot Blocked by Colby Robak.
18:38 of 1st period - Penalty to Anders Lee is over, Anders Lee is back on ice.
18:52 of 1st period - Backhand shot by David Wolf.
18:52 of 1st period - Stopped by Michael Hutchinson with a rebound.
18:56 of 1st period - Wrist shot by David Wolf.
18:56 of 1st period - Stopped by Michael Hutchinson with a rebound.
18:58 of 1st period - Slapshot by Jamie McGinn.
18:58 of 1st period - Shot Misses the Net.
19:02 of 1st period - Snap shot by Jamie McGinn.
19:02 of 1st period - Deflect By Austin Wuthrich.
19:02 of 1st period - Stopped by Michael Hutchinson without a rebound.
19:03 of 1st period - Anders Lee wins face-off versus Colby Cave in Inferno zone.
19:37 of 1st period - Icing by Vladimir Zharkov.
19:38 of 1st period - Jordan Weal wins face-off versus Philip Varone in Inferno zone.
19:39 of 1st period - Wrist shot by Dany Roussin.
19:39 of 1st period - Stopped by Michael Hutchinson without a rebound.
19:40 of 1st period - Jordan Weal wins face-off versus Anders Lee in Inferno zone.
Goals for this period are 3 for Inferno vs 0 for Thunder.
Shots for this period are 11 for Inferno vs 8 for Thunder.

2nd period


0:01 of 2nd period - Austin Wuthrich wins face-off versus Anders Lee in neutral zone.
0:36 of 2nd period - Wrist shot by Austin Poganski.
0:36 of 2nd period - Stopped by Michael Hutchinson with a rebound.
0:58 of 2nd period - Snap shot by Jamie McGinn.
0:58 of 2nd period - Stopped by Michael Hutchinson without a rebound.
0:59 of 2nd period - William Karlsson wins face-off versus Anders Lee in Inferno zone.
1:02 of 2nd period - Wrist shot by William Karlsson.
1:02 of 2nd period - Shot Blocked by Mathieu Brodeur.
1:04 of 2nd period - Snap shot by Dany Roussin.
1:04 of 2nd period - Goal by Dany Roussin - Inferno : 3 - Thunder : 1.
1:05 of 2nd period - William Karlsson wins face-off versus Anders Lee in neutral zone.
1:34 of 2nd period - David Savard is hit by David Wolf and loses puck.
1:39 of 2nd period - Backhand shot by Joey Ryan.
1:39 of 2nd period - Shot Blocked by Colby Robak.
1:41 of 2nd period - Snap shot by David Wolf.
1:41 of 2nd period - Stopped by Michael Hutchinson with a rebound.
1:43 of 2nd period - Snap shot by Zach Stepan.
1:43 of 2nd period - Shot Misses the Net.
1:45 of 2nd period - Wrist shot by Zach Stepan.
1:45 of 2nd period - Stopped by Michael Hutchinson without a rebound.
1:46 of 2nd period - Jordan Weal wins face-off versus Victor Rask in Inferno zone.
1:57 of 2nd period - Snap shot by Dany Roussin.
1:57 of 2nd period - Stopped by Michael Hutchinson with a rebound.
1:59 of 2nd period - Slapshot by Gianluca Curcuruto.
1:59 of 2nd period - Shot Misses the Net.
2:11 of 2nd period - Wrist shot by Nikolay Prokhorkin.
2:11 of 2nd period - Goal by Nikolay Prokhorkin - Inferno : 3 - Thunder : 2.
2:12 of 2nd period - William Karlsson wins face-off versus Anders Lee in neutral zone.
2:15 of 2nd period - Slapshot by Joey Ryan.
2:15 of 2nd period - Shot Blocked by Tanner Pearson.
2:25 of 2nd period - Snap shot by Kevin Labanc.
2:25 of 2nd period - Stopped by Jussi Rynnas with a rebound.
2:27 of 2nd period - Snap shot by Kevin Labanc.
2:27 of 2nd period - Shot Blocked by Austin Wuthrich.
3:12 of 2nd period - Minor Penalty to Jordan Weal for Roughing.
3:13 of 2nd period - Anders Lee wins face-off versus Dany Roussin in Thunder zone.
3:14 of 2nd period - Wrist shot by Kevin Labanc.
3:14 of 2nd period - Stopped by Jussi Rynnas with a rebound.
3:16 of 2nd period - Wrist shot by Anders Lee.
3:16 of 2nd period - Goal by Anders Lee - Inferno : 4 - Thunder : 2.
3:16 of 2nd period - Niklas Treutle enters game.
3:17 of 2nd period - William Karlsson wins face-off versus Anders Lee in neutral zone.
4:04 of 2nd period - Victor Rask is hit by Jordan Weal and loses puck.
4:21 of 2nd period - Nikolay Prokhorkin is hit by Tanner Pearson and loses puck.
4:46 of 2nd period - Slapshot by Ryan Spooner.
4:46 of 2nd period - Shot Misses the Net.
5:05 of 2nd period - Wrist shot by Philip Varone.
5:05 of 2nd period - Stopped by Niklas Treutle without a rebound.
5:06 of 2nd period - William Karlsson wins face-off versus Anders Lee in Thunder zone.
5:15 of 2nd period - Kevin Labanc is hit by Dany Roussin and loses puck.
5:48 of 2nd period - Slapshot by Vladimir Zharkov.
5:48 of 2nd period - Shot Blocked by Colby Cave.
6:25 of 2nd period - Snap shot by Kevin Labanc.
6:25 of 2nd period - Stopped by Niklas Treutle without a rebound.
6:26 of 2nd period - Philip Varone wins face-off versus Colby Cave in Thunder zone.
6:40 of 2nd period - Icing by Colby Robak.
6:41 of 2nd period - William Karlsson wins face-off versus Philip Varone in Inferno zone.
6:42 of 2nd period - Wrist shot by Dany Roussin.
6:42 of 2nd period - Shot Misses the Net.
6:44 of 2nd period - Snap shot by Dany Roussin.
6:44 of 2nd period - Shot Misses the Net.
6:46 of 2nd period - Wrist shot by Dany Roussin.
6:46 of 2nd period - Deflect By William Karlsson.
6:46 of 2nd period - Stopped by Michael Hutchinson with a rebound.
6:48 of 2nd period - Slapshot by Gianluca Curcuruto.
6:48 of 2nd period - Deflect By William Karlsson.
6:48 of 2nd period - Shot Misses the Net.
6:48 of 2nd period - Puck is out of play.
6:49 of 2nd period - William Karlsson wins face-off versus Anders Lee in Inferno zone.
7:01 of 2nd period - Off-side.
7:02 of 2nd period - William Karlsson wins face-off versus Anders Lee in neutral zone.
7:34 of 2nd period - Wrist shot by David Wolf.
7:34 of 2nd period - Shot Misses the Net.
7:50 of 2nd period - Matthew Nieto is hit by Derek Forbort and loses puck.
7:55 of 2nd period - Snap shot by William Karlsson.
7:55 of 2nd period - Shot Blocked by Victor Rask.
9:18 of 2nd period - Snap shot by Tyler Shattock.
9:18 of 2nd period - Deflect By Derek Forbort.
9:18 of 2nd period - Stopped by Niklas Treutle without a rebound.
9:19 of 2nd period - Zach Stepan wins face-off versus Ryan Spooner in Thunder zone.
9:54 of 2nd period - Off-side.
9:55 of 2nd period - William Karlsson wins face-off versus Philip Varone in neutral zone.
10:08 of 2nd period - Dany Roussin is hit by Philip Varone and loses puck.
11:53 of 2nd period - Icing by Christian Folin.
11:54 of 2nd period - Jordan Weal wins face-off versus Victor Rask in Inferno zone.
11:55 of 2nd period - Slapshot by Dany Roussin.
11:55 of 2nd period - Stopped by Michael Hutchinson with a rebound.
11:57 of 2nd period - Slapshot by Peter Andersson.
11:57 of 2nd period - Stopped by Michael Hutchinson with a rebound.
11:59 of 2nd period - Backhand shot by Peter Andersson.
11:59 of 2nd period - Shot Blocked by Esa Lindell.
12:01 of 2nd period - Slapshot by Peter Andersson.
12:01 of 2nd period - Shot Blocked by Matthew Nieto.
12:03 of 2nd period - Slapshot by Peter Andersson.
12:03 of 2nd period - Stopped by Michael Hutchinson without a rebound.
12:04 of 2nd period - Anders Lee wins face-off versus David Wolf in Inferno zone.
12:15 of 2nd period - Snap shot by Anders Lee.
12:15 of 2nd period - Goal by Anders Lee - Inferno : 5 - Thunder : 2.
12:16 of 2nd period - Kevin Labanc wins face-off versus William Karlsson in neutral zone.
12:30 of 2nd period - Snap shot by William Karlsson.
12:30 of 2nd period - Stopped by Michael Hutchinson without a rebound.
12:31 of 2nd period - Philip Varone wins face-off versus William Karlsson in Inferno zone.
13:31 of 2nd period - Snap shot by William Karlsson.
13:31 of 2nd period - Shot Misses the Net.
13:33 of 2nd period - Snap shot by Colby Cave.
13:33 of 2nd period - Shot Blocked by Mathieu Brodeur.
13:43 of 2nd period - Gianluca Curcuruto is hit by Tanner Pearson and loses puck.
13:50 of 2nd period - Wrist shot by Kevin Labanc.
13:50 of 2nd period - Stopped by Niklas Treutle with a rebound.
14:03 of 2nd period - David Savard is hit by Nikolay Prokhorkin and loses puck.
14:10 of 2nd period - Slapshot by William Karlsson.
14:10 of 2nd period - Shot Misses the Net.
14:12 of 2nd period - Wrist shot by Nikolay Prokhorkin.
14:12 of 2nd period - Stopped by Michael Hutchinson with a rebound.
14:14 of 2nd period - Snap shot by Colby Cave.
14:14 of 2nd period - Shot Blocked by Anders Lee.
14:16 of 2nd period - Slapshot by Jesper Pettersson.
14:16 of 2nd period - Stopped by Michael Hutchinson without a rebound.
14:17 of 2nd period - Jordan Weal wins face-off versus Victor Rask in Inferno zone.
14:30 of 2nd period - Snap shot by Dany Roussin.
14:30 of 2nd period - Deflect By Jamie McGinn.
14:30 of 2nd period - Shot Misses the Net.
14:30 of 2nd period - Puck is out of play.
14:31 of 2nd period - Philip Varone wins face-off versus Zach Stepan in Inferno zone.
14:37 of 2nd period - Off-side.
14:38 of 2nd period - Philip Varone wins face-off versus Zach Stepan in neutral zone.
15:19 of 2nd period - Austin Poganski is hit by Philip Varone and loses puck.
15:44 of 2nd period - Colby Robak is hit by Mikko Vainonen and loses puck.
15:53 of 2nd period - Wrist shot by Vladimir Zharkov.
15:53 of 2nd period - Stopped by Niklas Treutle with a rebound.
16:03 of 2nd period - Wrist shot by Vladimir Zharkov.
16:03 of 2nd period - Shot Misses the Net.
16:14 of 2nd period - Minor Penalty to Austin Poganski for Slashing.
16:15 of 2nd period - Anders Lee wins face-off versus Dany Roussin in Thunder zone.
16:16 of 2nd period - Slapshot by Esa Lindell.
16:16 of 2nd period - Shot Misses the Net.
16:24 of 2nd period - Slapshot by Esa Lindell.
16:24 of 2nd period - Shot Blocked by William Karlsson.
16:26 of 2nd period - Snap shot by Tanner Pearson.
16:26 of 2nd period - Shot Misses the Net.
16:28 of 2nd period - Wrist shot by Tanner Pearson.
16:28 of 2nd period - Deflect By Kevin Labanc.
16:28 of 2nd period - Shot Misses the Net.
16:28 of 2nd period - Puck is out of play.
16:29 of 2nd period - Anders Lee wins face-off versus William Karlsson in Thunder zone.
16:42 of 2nd period - Snap shot by Kevin Labanc.
16:42 of 2nd period - Goal by Kevin Labanc - Inferno : 6 - Thunder : 2.
16:43 of 2nd period - William Karlsson wins face-off versus Kevin Labanc in neutral zone.
17:00 of 2nd period - Colby Robak is hit by Austin Wuthrich and loses puck.
18:30 of 2nd period - William Karlsson is hit by Petteri Lindbohm and loses puck.
18:53 of 2nd period - Wrist shot by Nikolay Prokhorkin.
18:53 of 2nd period - Shot Misses the Net.
18:55 of 2nd period - Slapshot by Joey Ryan.
18:55 of 2nd period - Shot Blocked by Mathieu Brodeur.
18:57 of 2nd period - Snap shot by Colby Cave.
18:57 of 2nd period - Shot Blocked by Oliver Bjorkstrand.
Goals for this period are 3 for Inferno vs 2 for Thunder.
Shots for this period are 10 for Inferno vs 14 for Thunder.

3rd period


0:01 of 3rd period - William Karlsson wins face-off versus Anders Lee in neutral zone.
0:26 of 3rd period - Colby Robak is hit by David Wolf and loses puck.
0:33 of 3rd period - Snap shot by David Wolf.
0:33 of 3rd period - Shot Blocked by Colby Robak.
0:35 of 3rd period - Slapshot by Jesper Pettersson.
0:35 of 3rd period - Stopped by Michael Hutchinson with a rebound.
0:37 of 3rd period - Snap shot by David Wolf.
0:37 of 3rd period - Stopped by Michael Hutchinson without a rebound.
0:38 of 3rd period - Anders Lee wins face-off versus William Karlsson in Inferno zone.
0:43 of 3rd period - Wrist shot by Christian Folin.
0:43 of 3rd period - Shot Misses the Net.
0:45 of 3rd period - Wrist shot by Kevin Labanc.
0:45 of 3rd period - Shot Misses the Net.
0:47 of 3rd period - Snap shot by Christian Folin.
0:47 of 3rd period - Stopped by Niklas Treutle with a rebound.
0:49 of 3rd period - Slapshot by Christian Folin.
0:49 of 3rd period - Shot Blocked by Gianluca Curcuruto.
0:51 of 3rd period - Slapshot by Christian Folin.
0:51 of 3rd period - Deflect By Tanner Pearson.
0:51 of 3rd period - Goal by Tanner Pearson - Inferno : 7 - Thunder : 2.
0:52 of 3rd period - Anders Lee wins face-off versus William Karlsson in neutral zone.
0:55 of 3rd period - Slapshot by Christian Folin.
0:55 of 3rd period - Stopped by Niklas Treutle with a rebound.
0:59 of 3rd period - Slapshot by Anders Lee.
0:59 of 3rd period - Shot Blocked by Austin Wuthrich.
1:01 of 3rd period - Snap shot by Anders Lee.
1:01 of 3rd period - Stopped by Niklas Treutle with a rebound.
1:03 of 3rd period - Snap shot by Anders Lee.
1:03 of 3rd period - Goal by Anders Lee - Inferno : 8 - Thunder : 2.
1:03 of 3rd period - Jussi Rynnas enters game.
1:04 of 3rd period - William Karlsson wins face-off versus Anders Lee in neutral zone.
1:21 of 3rd period - Peter Andersson is hit by Colby Robak and loses puck.
2:53 of 3rd period - Slapshot by Matthew Nieto.
2:53 of 3rd period - Stopped by Jussi Rynnas with a rebound.
2:55 of 3rd period - Slapshot by David Savard.
2:55 of 3rd period - Deflect By Matthew Nieto.
2:55 of 3rd period - Shot Blocked by Derek Forbort.
2:55 of 3rd period - Puck is out of play.
2:56 of 3rd period - William Karlsson wins face-off versus Anders Lee in Thunder zone.
3:00 of 3rd period - Off-side.
3:01 of 3rd period - Anders Lee wins face-off versus William Karlsson in neutral zone.
3:16 of 3rd period - Snap shot by William Karlsson.
3:16 of 3rd period - Goal by William Karlsson - Inferno : 8 - Thunder : 3.
3:17 of 3rd period - Kevin Labanc wins face-off versus William Karlsson in neutral zone.
3:26 of 3rd period - Slapshot by Tanner Pearson.
3:26 of 3rd period - Stopped by Jussi Rynnas without a rebound.
3:27 of 3rd period - Anders Lee wins face-off versus Austin Wuthrich in Thunder zone.
3:30 of 3rd period - Wrist shot by Kevin Labanc.
3:30 of 3rd period - Stopped by Jussi Rynnas with a rebound.
3:46 of 3rd period - Snap shot by Tanner Pearson.
3:46 of 3rd period - Shot Misses the Net.
3:48 of 3rd period - Slapshot by Tanner Pearson.
3:48 of 3rd period - Stopped by Jussi Rynnas without a rebound.
3:49 of 3rd period - Philip Varone wins face-off versus Zach Stepan in Thunder zone.
3:52 of 3rd period - Snap shot by Matt Kassian.
3:52 of 3rd period - Stopped by Jussi Rynnas with a rebound.
3:54 of 3rd period - Slapshot by Matt Kassian.
3:54 of 3rd period - Shot Misses the Net.
3:56 of 3rd period - Slapshot by Colby Robak.
3:56 of 3rd period - Shot Blocked by Derek Forbort.
3:58 of 3rd period - Slapshot by David Savard.
3:58 of 3rd period - Deflect By Mikko Vainonen.
3:58 of 3rd period - Stopped by Jussi Rynnas with a rebound.
4:16 of 3rd period - David Savard is hit by Austin Wuthrich and loses puck.
5:03 of 3rd period - Slapshot by William Karlsson.
5:03 of 3rd period - Shot Misses the Net.
5:05 of 3rd period - Slapshot by Joey Ryan.
5:05 of 3rd period - Shot Blocked by Esa Lindell.
5:33 of 3rd period - Gianluca Curcuruto is hit by Matt Kassian and loses puck.
5:48 of 3rd period - Snap shot by Anders Lee.
5:48 of 3rd period - Shot Misses the Net.
5:50 of 3rd period - Slapshot by Petteri Lindbohm.
5:50 of 3rd period - Shot Blocked by Gianluca Curcuruto.
6:28 of 3rd period - Icing by Victor Rask.
6:29 of 3rd period - Victor Rask wins face-off versus Jordan Weal in Inferno zone.
6:29 of 3rd period - Matthew Nieto is hit by Jordan Weal and loses puck.
6:43 of 3rd period - Slapshot by Mathieu Brodeur.
6:43 of 3rd period - Deflect By Joey Ryan.
6:43 of 3rd period - Stopped by Jussi Rynnas without a rebound.
6:44 of 3rd period - Anders Lee wins face-off versus Zach Stepan in Thunder zone.
6:45 of 3rd period - Snap shot by Kevin Labanc.
6:45 of 3rd period - Stopped by Jussi Rynnas without a rebound.
6:46 of 3rd period - Anders Lee wins face-off versus Zach Stepan in Thunder zone.
7:24 of 3rd period - Wrist shot by Philip Varone.
7:24 of 3rd period - Stopped by Jussi Rynnas without a rebound.
7:25 of 3rd period - Victor Rask wins face-off versus Zach Stepan in Thunder zone.
7:50 of 3rd period - Kevin Labanc is hit by Joey Ryan.
8:37 of 3rd period - Minor Penalty to Matt Kassian for Interference.
8:38 of 3rd period - Philip Varone wins face-off versus William Karlsson in Inferno zone.
10:37 of 3rd period - Penalty to Matt Kassian is over, Matt Kassian is back on ice.
10:53 of 3rd period - Slapshot by Ryan Spooner.
10:53 of 3rd period - Shot Misses the Net.
11:29 of 3rd period - Snap shot by Esa Lindell.
11:29 of 3rd period - Shot Misses the Net.
11:36 of 3rd period - Icing by Jesper Pettersson.
11:37 of 3rd period - Philip Varone wins face-off versus Colby Cave in Thunder zone.
11:44 of 3rd period - Slapshot by Vladimir Zharkov.
11:44 of 3rd period - Shot Misses the Net.
11:46 of 3rd period - Snap shot by Matt Kassian.
11:46 of 3rd period - Shot Misses the Net.
12:00 of 3rd period - Petteri Lindbohm is hit by Zach Stepan and loses puck.
12:05 of 3rd period - Wrist shot by David Wolf.
12:05 of 3rd period - Shot Misses the Net.
12:07 of 3rd period - Slapshot by Gianluca Curcuruto.
12:07 of 3rd period - Shot Blocked by Petteri Lindbohm.
12:09 of 3rd period - Wrist shot by Zach Stepan.
12:09 of 3rd period - Shot Misses the Net.
12:11 of 3rd period - Wrist shot by Jesper Pettersson.
12:11 of 3rd period - Deflect By Petteri Lindbohm.
12:11 of 3rd period - Stopped by Michael Hutchinson without a rebound.
12:12 of 3rd period - William Karlsson wins face-off versus Anders Lee in Inferno zone.
12:33 of 3rd period - Minor Penalty to Anders Lee for Hooking.
12:34 of 3rd period - Philip Varone wins face-off versus William Karlsson in Inferno zone.
12:44 of 3rd period - Off-side.
12:45 of 3rd period - Philip Varone wins face-off versus William Karlsson in neutral zone.
13:40 of 3rd period - Wrist shot by William Karlsson.
13:40 of 3rd period - Shot Misses the Net.
14:33 of 3rd period - Penalty to Anders Lee is over, Anders Lee is back on ice.
14:47 of 3rd period - Snap shot by Kevin Labanc.
14:47 of 3rd period - Goal by Kevin Labanc - Inferno : 9 - Thunder : 3.
14:48 of 3rd period - Anders Lee wins face-off versus Zach Stepan in neutral zone.
15:21 of 3rd period - Wrist shot by William Karlsson.
15:21 of 3rd period - Stopped by Michael Hutchinson with a rebound.
15:23 of 3rd period - Slapshot by Austin Wuthrich.
15:23 of 3rd period - Stopped by Michael Hutchinson without a rebound.
15:24 of 3rd period - Victor Rask wins face-off versus William Karlsson in Inferno zone.
15:41 of 3rd period - Austin Wuthrich is hit by David Savard and loses puck.
16:18 of 3rd period - Wrist shot by Philip Varone.
16:18 of 3rd period - Shot Blocked by Mikko Vainonen.
16:36 of 3rd period - Snap shot by Ryan Spooner.
16:36 of 3rd period - Stopped by Jussi Rynnas with a rebound.
16:38 of 3rd period - Wrist shot by Tyler Shattock.
16:38 of 3rd period - Shot Misses the Net.
16:42 of 3rd period - Slapshot by Peter Cehlarik.
16:42 of 3rd period - Shot Misses the Net.
16:44 of 3rd period - Slapshot by Peter Cehlarik.
16:44 of 3rd period - Goal by Peter Cehlarik - Inferno : 10 - Thunder : 3.
16:45 of 3rd period - William Karlsson wins face-off versus Anders Lee in neutral zone.
16:48 of 3rd period - Snap shot by Peter Andersson.
16:48 of 3rd period - Stopped by Michael Hutchinson with a rebound.
16:56 of 3rd period - Wrist shot by William Karlsson.
16:56 of 3rd period - Shot Misses the Net.
16:58 of 3rd period - Slapshot by Joey Ryan.
16:58 of 3rd period - Stopped by Michael Hutchinson without a rebound.
16:59 of 3rd period - William Karlsson wins face-off versus Tanner Pearson in Inferno zone.
17:02 of 3rd period - Wrist shot by William Karlsson.
17:02 of 3rd period - Stopped by Michael Hutchinson with a rebound.
17:14 of 3rd period - Snap shot by Kevin Labanc.
17:14 of 3rd period - Shot Hit the Post.
17:34 of 3rd period - Snap shot by Dany Roussin.
17:34 of 3rd period - Stopped by Michael Hutchinson without a rebound.
17:35 of 3rd period - Anders Lee wins face-off versus Zach Stepan in Inferno zone.
18:21 of 3rd period - Wrist shot by Nikolay Prokhorkin.
18:21 of 3rd period - Stopped by Michael Hutchinson with a rebound.
18:23 of 3rd period - Wrist shot by Colby Cave.
18:23 of 3rd period - Goal by Colby Cave - Inferno : 10 - Thunder : 4.
18:24 of 3rd period - Tanner Pearson wins face-off versus William Karlsson in neutral zone.
18:49 of 3rd period - Philip Varone is hit by Joey Ryan and loses puck.
19:03 of 3rd period - Double Minor Penalty to Vladimir Zharkov for Roughing.
19:04 of 3rd period - William Karlsson wins face-off versus Philip Varone in Inferno zone.
19:05 of 3rd period - Snap shot by Dany Roussin.
19:05 of 3rd period - Shot Misses the Net.
Goals for this period are 4 for Inferno vs 2 for Thunder.
Shots for this period are 17 for Inferno vs 12 for Thunder.